Cogmind - Beta 13 @@@ ROGUE MODE // 2024.03.31 @ 15:37:42 Player: tryhrdsnphrd Result: Destroyed by G-34 Mercenary with Small Laser Performance ------------- Evolutions (0) 0 Regions Visited (1) 200 Robots Destroyed (11) 55 Value Destroyed (364) 364 Prototype IDs (6) 120 Alien Tech Used (0) 0 Bonus (0) 0 TOTAL SCORE: 739 Bonus ------- None Cogmind --------- Core Integrity 0/250 Matter 214/300 Energy 125/125 System Corruption 0% Temperature Cool (88) Movement Treading (160) Location -10/Materials Parts ------- > --- POWER (1) -------- Light Ion Engine > --- PROPULSION (2) --- Light Treads Aluminum Leg > --- UTILITY (2) ------ Small Storage Unit > --- WEAPON (2) ------- (None) > --- INVENTORY (8) ---- Large Battery (200) ECM Suite Peak State ------------ > --- POWER ------------ Light Ion Engine > --- PROPULSION ------- Aluminum Leg Aluminum Leg > --- UTILITY ---------- Small Storage Unit Structural Scanner > --- WEAPON ----------- Light Cannon Datajack > --- INVENTORY -------- ECM Suite Mining Laser [Rating: 7] Favorites ----------- Power Light Ion Engine Engine Light Ion Engine Propulsion Wheel Treads Light Treads Leg Aluminum Leg Wheel Wheel Utility Structural Scanner Device Structural Scanner Storage Small Storage Unit Weapon Light Assault Rifle Ballistic Gun Light Assault Rifle Ballistic Cannon Light Cannon Launcher Grenade Launcher Special Weapon Mining Laser Special Melee Weapon Datajack Build | -11 -10 ------- Run | Yrd Mat Slots Evolved . | . . Power . | . . Propulsion . | . . Utility . | . . Weapon . | . . Parts Attached 16 | 4 12 Power 3 | 1 2 Engine 3 | 1 2 Core . | . . Reactor . | . . Propulsion 5 | 2 3 Treads 1 | . 1 Leg 2 | . 2 Wheel 2 | 2 . Hover . | . . Flight . | . . Utility 3 | . 3 Device 2 | . 2 Storage 1 | . 1 Processor . | . . Hackware . | . . Protection . | . . Artifact . | . . Weapon 5 | 1 4 Energy Gun . | . . Energy Cannon . | . . Ballistic Gun 1 | 1 . Ballistic Cannon 1 | . 1 Launcher 1 | . 1 Special Weapon 1 | . 1 Impact Weapon . | . . Slashing Weapon . | . . Piercing Weapon . | . . Special Melee Weapon 1 | . 1 Unidentified Prototypes . | . . Parts Lost 12 | . 12 Power 2 | . 2 Propulsion 3 | . 3 Utility 2 | . 2 Weapon 5 | . 5 Highest Loss Streak 6 | . 6 To Critical Strikes . | . . Average Slot Usage (%) 75 | . 75 Engine 12 | . 12 Leg 11 | . 11 Wheel 12 | . 12 Device 13 | . 13 Storage 6 | . 6 Ballistic Gun 7 | . 7 Ballistic Cannon 6 | . 6 Special Melee Weapon 2 | . 2 Naked Turns . | . . Heaviest Build 13 | 4 13 Greatest Support 20 | 20 20 Greatest Overweight (x) 1 | . 1 Average Overweight (x) . | . . Largest Inventory Capacity 8 | 5 8 Average Capacity 6 | 5 6 Most Carried 5 | 2 5 Average Carried 2 | . 2 Final Capacity 8 | 5 8 Final Carried 2 | 1 2 Class Distribution -------------------- 66% | Mutant 33% | Scavenger-Mutant Dominant Class ---------------- Mutant | -10/Materials Resources | -11 -10 ----------- Run | Yrd Mat Matter Collected 450 | 246 204 Remotely . | . . Salvage Created 261 | 38 223 Parts 23 | 3 20 Haulers Intercepted . | . . Recyclers Shooed . | . . Parts Field Recycled . | . . Retrieved Matter . | . . Parts Self-Destructed . | . . Prevented . | . . Kills | -11 -10 ------- Run | Yrd Mat Combat Hostiles Destroyed 9 | 1 8 Guns 4 | 1 3 Cannons 3 | . 3 AOE 2 | . 2 Classes Destroyed 3 | 1 2 Operator 1 | . 1 Watcher 1 | . 1 Grunt 9 | 1 8 Best Kill Streak 7 | 1 7 Combat Bots Only 6 | 1 6 Max Kills in Single Turn 2 | 1 2 Gunslinging . | . . Exploded 1 | . 1 Melee . | . . Uniques/NPCs Destroyed . | . . Combat | -11 -10 -------- Run | Yrd Mat Hostile Shots Fired 103 | 5 98 Missed 29 | 2 27 Damage Taken 937 | 34 903 Core 250 | . 250 Absorbed by Shields . | . . Core Remaining (%) 100 | 100 . Volleys Fired 72 | 6 66 Largest 2 | 1 2 Hottest 135 | 20 135 Shots Fired 85 | 6 79 Gun 46 | 6 40 Cannon 30 | . 30 Launcher 7 | . 7 Special 2 | . 2 Kinetic 76 | 6 70 Thermal 2 | . 2 Explosive 7 | . 7 Electromagnetic . | . . Robot Hit Streak 14 | 2 14 Robot Miss Streak 6 | 1 6 Penetration Max . | . . Secondary Targets . | . . Shots Hit Robots 43 | 4 39 Core Hits 23 | 2 21 Critical Kills . | . . Critical Parts Destroyed . | . . Critical Strikes 1 | . 1 Blast 1 | . 1 Melee Attacks . | . . Impact . | . . Slashing . | . . Piercing . | . . Sneak Attacks . | . . Combat Hostiles . | . . Follow-up Attacks . | . . Damage Inflicted 940 | 33 907 Guns 224 | 33 191 Cannons 254 | . 254 Explosions 438 | . 438 Melee . | . . Ramming . | . . Kinetic 478 | 33 445 Thermal 24 | . 24 Explosive 438 | . 438 Electromagnetic . | . . Impact . | . . Slashing . | . . Piercing . | . . Highest Corruption . | . . Average Corruption . | . . Corruption Purged . | . . Corruption Blocked . | . . Overload Shots . | . . Overflow Damage . | . . Projectiles . | . . Explosions . | . . Melee . | . . Knockbacks 1 | . 1 Impact . | . . Kinetic 1 | . 1 Secondary . | . . Self-Inflicted Damage 18 | . 18 Shots 3 | . 3 Rammed . | . . Targets Rammed . | . . Kicked . | . . Crushed . | . . Highest Temperature 149 | 6 149 Average Temperature 30 | 6 31 Received Heat Transfer 549 | 18 531 Siege Activations . | . . Robots Corrupted . | . . Combat Hostiles . | . . Parts Fried . | . . Impact Corruptions . | . . Robots Melted . | . . Combat Hostiles . | . . Parts Melted . | . . Heat Transferred 50 | . 50 Parts Sabotaged . | . . Parts Stolen . | . . Parts Stripped . | . . Power Chain Reactions . | . . Alert | -11 -10 ------- Run | Yrd Mat Peak Influence 202 | 20 202 Initial 13 | . 13 Average 43 | 5 47 Maximum Alert Level 1 | . 1 Low Security (%) 96 | 100 96 Level 1 3 | . 3 Level 2 . | . . Level 3 . | . . Level 4 . | . . Level 5 . | . . High Security . | . . Max Security . | . . Squads Dispatched 4 | . 4 Investigation 2 | . 2 Extermination . | . . Reinforcement 2 | . 2 Assault . | . . Garrison . | . . Intercept . | . . Searches Triggered . | . . Construction Impeded . | . . Haulers Reinforced . | . . Active Scanning Responses . | . . Cargo Convoy Interrupts . | . . Stealth | -11 -10 --------- Run | Yrd Mat Distress Signals 2 | . 2 Communications Jammed . | . . Distress Signals . | . . Times Spotted 21 | 1 20 Peak Tracking Total 5 | 1 5 Tactical Retreats . | . . Traps | -11 -10 ------- Run | Yrd Mat Traps Triggered . | . . Indirectly . | . . Trap Hack Attempts . | . . Triggered . | . . Disarmed . | . . Reprogrammed . | . . Reused . | . . Traps Extracted . | . . Installed . | . . Triggered . | . . Machines | -11 -10 ---------- Run | Yrd Mat Machines Disabled . | . . Max in Single Turn . | . . Machines Repaired . | . . Machines Dismantled . | . . Machines Sabotaged . | . . Overloaded Fab Kills . | . . Hacking | -11 -10 --------- Run | Yrd Mat Machines Accessed 8 | . 8 Terminals 6 | . 6 Fabricators . | . . Repair Stations 1 | . 1 Recycling Units 1 | . 1 Scanalyzers . | . . Garrison Access . | . . Total Hacks 21 | . 21 Successful 11 | . 11 Failed 10 | . 10 Catastrophic 1 | . 1 Database Lockouts . | . . Manual . | . . Terminals 18 | . 18 Fabricators . | . . Repair Stations 2 | . 2 Recycling Units 1 | . 1 Scanalyzers . | . . Garrison Access . | . . Terminal Hacks 10 | . 10 Record 1 | . 1 Prototype ID Bank 4 | . 4 Alert Level 1 | . 1 Unreport Threat 1 | . 1 Locate Traps 2 | . 2 Zone Layout 1 | . 1 Fabricator Hacks . | . . Repair Station Hacks . | . . Recycling Unit Hacks 1 | . 1 Report Inventory 1 | . 1 Scanalyzer . | . . Garrison Access Hacks . | . . Unauthorized Hacks . | . . Terminals . | . . Fabricators . | . . Repair Stations . | . . Recycling Units . | . . Scanalyzers . | . . Garrison Access . | . . Data Cores Recovered 1 | . 1 Used . | . . Hacking Detections 5 | . 5 Full Trace Events 2 | . 2 Feedback Events . | . . Feedback Blocked . | . . Robot Schematics Acquired . | . . Robots Built . | . . Authchips . | . . Time . | . . Total Robot Build Rating . | . . Part Schematics Acquired . | . . Parts Built . | . . Authchips . | . . Time . | . . Total Part Build Rating . | . . Parts Repaired . | . . Time . | . . Parts Recycled . | . . Recycled Matter . | . . Retrieved Matter . | . . Retrieved Components . | . . Parts Scanalyzed . | . . Part Schematics Acquired . | . . Parts Damaged . | . . Bothacking | -11 -10 ------------ Run | Yrd Mat Used RIF Installer . | . . Robots Hacked . | . . Non-combat . | . . Combat . | . . Robot Hacks Applied . | . . Relay Couplers Released . | . . Fabnet Peak Effective % . | . . Robots Rewired . | . . Allies Hacked . | . . Hacks Repelled . | . . Allies | -11 -10 -------- Run | Yrd Mat Total Allies . | . . Largest Group . | . . Highest-Rated Group . | . . Highest-Rated Ally . | . . Total Orders . | . . Ally Attacks . | . . Total Damage . | . . Kills . | . . Allies Corrupted . | . . Allies Melted . | . . Intel | -11 -10 ------- Run | Yrd Mat Robot Analysis Total . | . . Derelict Logs Recovered . | . . Drone Launches . | . . Drone Recoveries . | . . Exploration | -11 -10 ------------- Run | Yrd Mat Turns Passed 738 | 81 657 Spaces Moved 587 | 86 501 Core 30 | 24 6 Treads 3 | . 3 Legs 191 | . 191 Wheels 363 | 62 301 Hover . | . . Flight . | . . Fastest Speed 50 | 50 80 Average Speed 94 | 71 98 Slowest Speed 190 | 80 190 Overloaded Moves . | . . Propulsion Burnouts . | . . Robots Hopped . | . . Cave-ins Triggered . | . . Exploration Rate (%) 37 | 7 67 Regions Visited 1 Branch Regions . Pre-discovered Areas . | . . Known Exits Taken . | . . Unknown Exits Taken 1 | 1 . Scrap Searched . | . . Spaces Dug . | . . Terrain Destroyed 30 | . 30 Melee . | . . Projectile . | . . AOE 30 | . 30 Terrain Rammed . | . . Walls Destroyed . | . . Machines Disabled . | . . Actions | -11 -10 --------- Run | Yrd Mat Total 692 | 100 592 Wait . | . . Move 586 | 85 501 Hop . | . . Pick Up 18 | 5 13 Fast Attach . | . . Attach 16 | 4 12 Detach . | . . Swap . | . . Drop . | . . Fire 72 | 6 66 Melee . | . . Ram . | . . Kick . | . . Crush . | . . Escape Stasis . | . . Rewire . | . . Trap . | . . Miscellaneous . | . . Route ------- -11/Scrapyard -10/Materials (discovered 3 exits: [*Mat x2] / [*Min]) History --------- Turn | Location | Event 2 | -11/Scrapyard | Met Revision 17 48 | -11/Scrapyard | Discovered new exit (range 8) 82 | -11/Scrapyard | Entered Materials 124 | -10/Materials | Discovered new exit (range 10) 303 | -10/Materials | Build established: Mutant 323 | -10/Materials | Discovered new exit (range 20) 404 | -10/Materials | Core integrity fell below 50% 447 | -10/Materials | Lost 6 parts (1p2n1u2w) 595 | -10/Materials | Discovered new exit (range 7) 726 | -10/Materials | Core integrity fell below 20% 739 | -10/Materials | Destroyed by G-34 Mercenary with Small Laser Last Messages --------------- Connecting with Recycling Unit... >>Recycling(Report) Matter reserves: 0 Inventory: Tractor Beam (68%) Lrg. Battery (31%) O-16 Technician: "IFF HANDSHAKE FAILED. SECURING TERMINAL." Acquired Lgt. Treads. ALERT: Hostiles spotted, dispatching reinforcements to Terminal M003. Connecting with Repair Station... Datajack destroyed. Structural Scanner destroyed. Critical hit (Burn: +37). G-34 Mercenary destroyed. Aluminum Leg destroyed. Lgt. Cannon destroyed. Mining Laser destroyed. Acquired 37 matter. Map ----- +----------------------------------------------------+ | ???## # ### # # | | ???## """ ############ # ! !# | | ???## """ ############ # # | | ???## """ ##?????##### ####/#### | | ???## ##?????## % | | ???## ##?????## | | ???## "Y" ##?????## ! | | ???## """ ##?????## """ ### | | ???## ##?????## """ ##T | | ???#####/############# """ # | | ???### ########### """ # | | ????## # | | ????## # | | ????## # | | ###### ###### #####+## | | ####### ####### # # | | # # ####### """ # """ #+# | | # + # = # """ # """ # | | # # # # """ # """ + | | # # # "" # # # | | # # # """ # # # | | # # # R" # ###### ! # | | # # + """ # #??##" !!! # | | # # # # ##?##T !!! # | | # # ####### ##?##" # | | # # =@[ ##?### # | | # # gg ##?### ! # | | # # % ##??## # | | ############### ##??######### | | # # ##??######### | | ?????????? ##??????????# | | ?????????? ##??????????# | | ?????????? ##??????????# | | ?????????? ##+#####?????????# | | ??????????# ## #?????????# | | ??????????# ## #?????????# | | ??????????# ## #?????????# | | ??????????# < ## #?????????### | | ??????????# ## #???????????? | | ??????????????????????????????????? | | ??????????????????????????????????? | | ??????????????????????????????????? | | ??????????????????????????????????? | | ??????????????????????????????????? | | | | | | | | | | | | | +----------------------------------------------------+ Best States ------------- Heat Dissipation 25 Energy Generation 10 Energy Capacity 250 Matter Stores 300 Matter Capacity 300 Sight Range 16 Terrain Scan Density 10 Evasion (%) 55 Item Schematics ----------------- None Robot Schematics ------------------ None Fabricated ------------ Nothing Alien Tech Used ----------------- None Achievements -------------- None Challenges ------------ None Game ------ Seed EfficiencyDirtyGravjet Manual? 0 Play Time 00:14:41 Cumulative 1.2 hours Start 2024.03.31 @ 15:21:02 End 2024.03.31 @ 15:37:42 Sessions 1 Manual Loads 0 Difficulty Rogue Special Mode None Game No. 3 Rogue 3 Adventurer 0 Explorer 0 Win Type - Total 0 Types 0/0/0/0/0/0/0/0/0 Lore% 0 Gallery% 2 Achievement% 3 Wizard Run 0 Options --------- Layout 1 ASCII 0 Keyboard 0 Movement Arrows Keybinds 0 Fullscreen 1 Font 48/Smallcaps Map View 50x35 Zoom Use 0% Tactical HUD 0 Map Filters NONE Filters NONE Steam 0 RUN: a5195183-6560-46a4-ba89-6bb1b8c54012